 Dungeon Crawl Stone Soup version 0.27.1-3-gb3d3a73c9e (webtiles) character file.

Game seed: 6135980922941020186

319 horus123 the Magician (level 6, -1/32 HPs)
             Began as a Deep Elf Fire Elementalist on Oct 11, 2021.
             Slain by a gnoll (12 damage)
             ... on level 3 of the Dungeon.
             The game lasted 00:11:59 (2677 turns).

horus123 the Magician (Deep Elf Fire Elementalist)  Turns: 2677, Time: 00:12:00

Health: -1/32      AC:  4    Str:  5    XL:     6   Next: 21%
Magic:  14/16      EV: 13    Int: 22    God:
Gold:   172        SH:  0    Dex: 15    Spells: 3/15 levels left

rFire    . . .     SeeInvis .   e - +7 scythe (distort)
rCold    . . .     Faith    .   (shield currently unavailable)
rNeg     . . .     Spirit   .   a - +0 robe
rPois    .         Reflect  .   b - +2 hat
rElec    .         Harm     .   (no cloak)
rCorr    .         Rampage  .   (no gloves)
Will     .....                  (no boots)
Stlth    ++........             g - amulet of the acrobat
HPRegen  0.10/turn              (no ring)
MPRegen  0.15/turn              (no ring)

@: no status effects
A: no striking features
a: no special abilities


You were on level 3 of the Dungeon.
You visited 1 branch of the dungeon, and saw 3 of its levels.

You collected 172 gold pieces.

Inventory:

Hand Weapons
 e - a +7 scythe of distortion (weapon)
Armour
 a - a +0 robe (worn)
 b - a +2 hat (worn)
Jewellery
 g - an amulet of the acrobat (around neck)
Scrolls
 c - a scroll of noise
Potions
 d - a potion of lignification {unknown}
 f - a potion of flight {unknown}
 h - a potion of mutation {unknown}


   Skills:
 + Level 0.3 Fighting
 + Level 0.4 Polearms
 + Level 2.9 Dodging
 * Level 3.0 Stealth
 + Level 5.4 Spellcasting
 + Level 3.0 Conjurations
 * Level 2.4 Hexes
 * Level 4.7 Fire Magic


You had 3 spell levels left.
You knew the following spells:

 Your Spells              Type           Power      Damage    Failure   Level
a - Foxfire               Conj/Fire      92%        2x1d8     1%          1
b - Magic Dart            Conj           76%        1d6       2%          1
c - Inner Flame           Hex/Fire       21%        N/A       7%          3
d - Tukima's Dance        Hex            16%        N/A       11%         3
e - Sticky Flame          Conj/Fire      23%        2d4       21%         4

Your spell library contained the following spells:

 Spells                   Type           Power      Damage    Failure   Level
 Conjure Flame            Conj/Fire      23%        6-21      6%          3
 Call Imp                 Summ           6%         N/A       14%         2
 Corpse Rot               Necr/Air       N/A        N/A       14%         2
 Poisonous Vapours        Pois/Air       12%        N/A       14%         2
 Mephitic Cloud           Conj/Pois/Air  10%        N/A       19%         3
 Fireball                 Conj/Fire      11%        3d7       50%         5
 Dispel Undead            Necr           6%         3d8       67%         4
 Passage of Golubria      Tloc           N/A        N/A       67%         4
 Yara's Violent Unravell  Hex/Tmut       5%         3d4       86%         5
 Freezing Cloud           Conj/Ice/Air   5%         6-21      87%         5
 Death Channel            Necr           3%         N/A       100%        6


Dungeon Overview and Level Annotations

Branches:
Dungeon (3/15)

Altars:
Hepliaklqana

Annotations:
D:3 1 transporter, IBeShadow's ghost, amateur MiCK


Message History

You enter the transporter and appear at another place.
You closely miss the gnoll.
The gnoll shouts!
The gnoll hits you with a +0 spear. The gnoll barely misses you.
You slash the gnoll!
Space warps horribly around the gnoll!
You kill the gnoll!
The gnoll barely misses you. The gnoll misses you.
There are monsters nearby!
You reach to attack!
You hit the gnoll.
Space warps horribly around the gnoll!
You kill the gnoll!
The gnoll hits you from afar with a +0 vampiric spear!
You reach to attack!
You barely miss the gnoll. The gnoll barely misses you. x2
You reach to attack!
You barely miss the gnoll.
The gnoll hits you from afar with a +0 vampiric spear.
The gnoll hits you but does no damage.
You reach to attack!
You hit the gnoll.
Space warps horribly around the gnoll!
You kill the gnoll!
The gnoll hits you from afar with a +0 halberd!
You are too injured to fight recklessly!
Casting: Foxfire (safe; 1% risk of failure)
Press: ? - help, Q - select action, (/) - cycle Dir - look around, f - activate You conjure some foxfire!
The gnoll closely misses you.
Casting: Foxfire (safe; 1% risk of failure)
Press: ? - help, Q - select action, (/) - cycle Dir - look around, f - activate You conjure some foxfire!
The gnoll completely misses you.
The foxfire hits the gnoll.
The gnoll is moderately wounded.
The foxfire hits the gnoll.
The gnoll is heavily wounded.
The gnoll completely misses you.
Reach: e) +7 scythe (distort)
Press: ? - help, Dir - move target, f - gnoll
Aim: a gnoll, wielding a +0 halberd (heavily wounded, about 37% to evade your +7 scythe of distortion)
You reach to attack!
You hit the gnoll.
The gnoll is severely wounded.
The gnoll closely misses you.
The gnoll hits you from afar with a +0 halberd!
You die...

#.≈≈#..###.###g.#≈≈..#
#.≈≈#...........#≈≈..#
#.≈≈###.##'##.###≈≈..#
#.≈≈..#.#...#.#..≈≈..#
#.≈≈.##.#⌠.⌠#.##.≈≈..######
#.≈≈.#..#...#..#.≈≈........
#.≈≈.##.##.##.##.≈≈.###.###
#.≈≈..#.#P)P#.#.....# #.##.
#.≈≈.©#.'.@.gg#©....###.##.
##.≈≈..#.#8§8#.#......##.##.
#..≈≈.##g#####.##.≈≈.....###
#..≈≈.#©.# #.g#.≈≈(###.# #
#..≈≈.##g# #.##.≈≈.# #.# #
#..≈≈..#.# .#.#..≈≈.###.###
#..≈≈###.##'##.###≈≈..##.##.
#..≈≈#..........W#≈≈........
#..≈≈#..###.###..#≈≈.....##.


You could see 2 gnolls.

Vanquished Creatures
  Sigmund (D:2)
  A bullfrog (D:3)
  An iguana (D:3)
  3 gnolls (D:3)
  3 worms (D:2)
  3 dart slugs
  5 orcs (D:3)
  6 ball pythons
  5 bats
  8 endoplasms
  2 giant cockroaches
  9 goblins
  2 hobgoblins (D:1)
  3 kobolds
  4 quokkas
  A frilled lizard (D:1)
  6 rats
63 creatures vanquished.

Vanquished Creatures (collateral kills)
  2 foxfires (D:3)
2 creatures vanquished.

Vanquished Creatures (others)
  88 foxfires
  4 plants (D:3)
92 creatures vanquished.

Grand Total: 157 creatures vanquished

Notes
Turn   | Place    | Note
-------+----------+-------------------------------------------
     0 | D:1      | horus123 the Deep Elf Fire Elementalist began the quest for
                  | the Orb.
     0 | D:1      | Reached XP level 1. HP: 10/10 MP: 6/6
   182 | D:1      | Reached XP level 2. HP: 15/15 MP: 6/8
   263 | D:1      | Learned a level 1 spell: Magic Dart
   876 | D:2      | Reached XP level 3. HP: 19/19 MP: 6/10
   894 | D:2      | Learned a level 3 spell: Inner Flame
   980 | D:2      | Found a hazy altar of Hepliaklqana.
  1115 | D:2      | Noticed Sigmund
  1122 | D:2      | Learned a level 3 spell: Tukima's Dance
  1150 | D:2      | Killed Sigmund
  1151 | D:2      | Reached skill level 4 in Spellcasting
  1151 | D:2      | Reached skill level 1 in Hexes
  1151 | D:2      | Reached XP level 4. HP: 10/24 MP: 3/12
  1151 | D:2      | Reached XP level 5. HP: 11/28 MP: 3/13
  1337 | D:2      | Learned a level 4 spell: Sticky Flame
  2297 | D:3      | Reached skill level 5 in Spellcasting
  2328 | D:3      | Found a faded altar of an unknown god.
  2396 | D:3      | Reached XP level 6. HP: 31/32 MP: 10/16
  2565 | D:3      | Found a transporter.
  2615 | D:3      | Found a transporter.
  2623 | D:3      | Identified the +4 halberd "Xirrao" {venom, rCorr}
  2636 | D:3      | Noticed IBeShadow's ghost (amateur MiCK)
  2677 | D:3      | Slain by a gnoll

Illustrated notes

Levels and vault maps discovered:
D:1:      dpeg_arrival_three_bigger_balls, layout_rooms
D:2:      layout_loops_ring, basic_altar, minivault_11, uniq_sigmund
D:3:      minmay_recursive_quarters, layout_loops_ring,
          gammafunk_ghost_gnarly_gnolls, hellmonk_ecumenical_altar_blasted,
          nrook_uturn, dk_noncrumbling_3

Skill      XL: |  1  2  3  4  5 |
---------------+----------------+-----
Fire Magic     | 4 |  4.7
Spellcasting   | 4 5 |  5.4
Conjurations   | 2 3 |  3.0
Hexes          | 1 2 |  2.4
Stealth        | 3 |  3.0
Fighting       | |  0.3
Polearms       | |  0.4
Dodging        | |  2.9

Action                   |  1- 3 |  4- 6 || total
-------------------------+-------+-------++-------
Melee: Unarmed           |     1 |       ||     1
       Scythe            |       |    26 ||    26
 Cast: Foxfire           |    34 |    23 ||    57
       Magic Dart        |    25 |    16 ||    41
       Tukima's Dance    |     1 |       ||     1
  Use: Scroll            |     4 |     3 ||     7
Armor: Robe              |     5 |     3 ||     8
Dodge: Dodged            |    18 |    23 ||    41
